Map: Вечная империя РВ

Players

Doll

  • Race: Protoss Protoss
  • Spawn Location: 7:00

ИИ 1 (эксперт) - Winner!

  • Race: Terran Terran
  • Spawn Location: 1:00

VOD

Have the link to the VOD?

Description

Time

  • Played on: Sept. 18, 2020, 4:42 a.m.
  • Length: 5:40
Show
View Real Time Build Order
Export as new Build Order

Doll Protoss 

Build Orders: Mass Adepts 

Get SALT Encoding   

  12  0:00  Probe  
  13  0:12  Probe  
  14  0:19  Pylon  
  14  0:24  Probe  
  15  0:37  Probe (Chrono Boost)  
  15  0:40  Gateway  
  16  0:49  Probe (Chrono Boost)  
  17  0:53  Gateway  
  17  0:58  Probe (Chrono Boost)  
  18  1:05  Pylon  
  18  1:06  Probe  
  19  1:14  Assimilator  
  19  1:19  Probe  
  20  1:27  Zealot  
  22  1:34  Cybernetics Core  
  22  1:39  Probe  
  23  1:43  Zealot  
  25  1:49  Pylon  
  25  1:52  Probe  
  26  1:58  Zealot  
  28  2:04  Probe (Chrono Boost)  
  29  2:11  Adept  
  29  2:13  Warp Gate  
  29  2:15  Probe (Chrono Boost)  
  32  2:22  Assimilator  
  32  2:25  Adept  
  32  2:28  Probe  
  35  2:35  Pylon  
  35  2:42  Adept  
  37  2:54  Gateway  
  37  2:57  Adept  
  39  3:03  Probe  
  40  3:14  Adept  
  40  3:19  Pylon  
  42  3:27  Gateway  
  42  3:28  Adept  
  42  3:34  Probe  
  45  3:41  Adept  
  45  3:46  Adept  
  49  3:51  Pylon  
  49  3:56  Probe  
  50  4:03  Gateway  
  50  4:11  Adept  
  50  4:15  Probe  
  53  4:24  Adept  
  53  4:25  Adept x2  
  59  4:31  Pylon  
  59  4:33  Adept  
Show
View Real Time Build Order
Export as new Build Order

ИИ 1 (эксперт) Terran - Winner!

Build Orders:  

Get SALT Encoding   

  12  0:00  SCV  
  13  0:13  SCV  
  14  0:19  Supply Depot  
  14  0:25  SCV  
  15  0:40  SCV  
  15  0:42  Barracks  
  16  0:52  SCV  
  17  1:04  SCV  
  18  1:12  Refinery  
  18  1:14  Supply Depot  
  18  1:16  SCV  
  19  1:29  SCV  
  19  1:30  Marine  
  21  1:44  Command Center  
  21  2:08  Barracks  
  21  2:09  SCV  
  21  2:12  Marine  
  23  2:16  Factory  
  23  2:21  SCV  
  24  2:26  Supply Depot  
  24  2:31  Marine  
  24  2:33  SCV  
  26  2:45  SCV  
  26  2:48  Marine  
  28  2:55  Orbital Command  
  28  2:57  SCV  
  29  3:00  Factory Tech Lab  
  29  3:03  Refinery  
  29  3:13  Orbital Command  
  29  3:15  Marine  
  29  3:18  Marine  
  31  3:23  SCV  
  32  3:33  Marine  
  33  3:35  SCV  
  33  3:36  Marine  
  33  3:39  SCV  
  36  3:45  Barracks  
  36  3:48  SCV  
  37  3:51  SCV, Marine  
  37  3:54  Barracks Tech Lab  
  39  3:59  Supply Depot  
  39  4:00  SCV  
  40  4:03  SCV  
  40  4:09  Barracks Tech Lab  
  41  4:12  SCV, Marine  
  41  4:15  SCV  
  41  4:16  Siege Tank  
  48  4:24  SCV  
  48  4:27  SCV, Marine  
  48  4:30  Marine  
  51  4:31  Marine  
  51  4:33  Supply Depot  
  51  4:36  SCV  
  53  4:39  SCV  
  53  4:41  Supply Depot  
  53  4:45  Marine  
  55  4:48  SCV, Marauder  
  58  4:55  SCV  
  58  4:56  Refinery  
  59  5:00  SCV  
  59  5:02  Engineering Bay  
  59  5:03  Marauder  
  62  5:07  SCV  
  62  5:10  Marauder  
  62  5:12  SCV  
  66  5:16  Supply Depot  
  66  5:19  SCV  
  67  5:24  SCV  
  67  5:25  Engineering Bay, Barracks Reactor  
  63  5:38  Refinery  
Tags
 
Add a new tag
Caveats
  • Supply blocks, unpowered buildings, or Contaminate may cause inaccurate times.
  • Supply counts are checked every 10 seconds.